cohdb
Replays
Latest Replays
All Replays
Popular Replays
Top Player Replays
Match Explorer
How It Works
Community
CoH3 Stats
Reddit
Sign in to upload your games and track your stats! →
Sign in with Steam
Match 45432353
Unlisted
Match 45432353
Overview
Messages
Build Orders
End
Panzergrenadier Squad
Kradschützen Motorcycle Team
Panzergrenadier Squad
Panzergrenadier Squad
Construct Light Support Kompanie
2.5-tonne Medical Truck
Fire Support Elements
Panzergrenadier Squad
MG34 Team
Forward Retreat Point
le.IG 18 Mechanized Group
Veteran Squad Leaders
Construct Panzerarmee Kommand
Tungsten Core Ammunition
Selects Panzerjäger Kommand Battlegroup
Selects Panzerjäger Kommand Battlegroup
Selects Tank Busters
Selects Crew Shock Tactics
Rapid Advance
Advanced Optics
Selects Anti-tank Overwatch
Anti-tank Overwatch
Armored Reserves
Tiger Heavy Tank
Selects Mine Fields
Selects Defensive Positions
Selects Butterfly Bomb Drop
Walking Stuka Rocket Launcher
Anti-tank Overwatch
Butterfly Bomb Drop
MuniekPL
Husar
Felipe
Pervol
我將點燃大海
Arek KRK
Yazan199911 Arg
White Rabbit
0
0
Comments
sign in to comment!
No comments posted yet!